Map: Disco Bloodbath LE

Players

MeomaikA

  • Race: Zerg Zerg
  • Spawn Location: 3:00

CatZ - Winner!

  • Race: Zerg Zerg
  • League: Grandmaster
  • Spawn Location: 9:00

Event: NationWars 2019

VOD

Have the link to the VOD?

Description

Time

  • Played on: Oct. 1, 2019, 11:57 a.m.
  • Length: 14:25

All games in this series

Show
View Real Time Build Order
Export as new Build Order

MeomaikA Zerg 

Build Orders: Hatch First 

Get SALT Encoding   

  12  0:00  Drone  
  13  0:08  Drone  
  14  0:16  Overlord  
  14  0:25  Drone, Extractor  
  15  0:35  Drone  
  16  0:36  Drone  
  17  0:52  Hatchery  
  17  0:55  Drone  
  17  0:57  Extractor  
  16  1:10  Spawning Pool  
  15  1:13  Drone  
  15  1:16  Drone  
  17  1:20  Drone  
  18  1:27  Drone  
  19  1:37  Overlord  
  19  1:56  Queen  
  19  1:57  Zergling x2  
  19  1:58  Metabolic Boost  
  22  2:04  Drone  
  22  2:05  Queen  
  25  2:09  Drone  
  25  2:12  Drone  
  28  2:15  Drone  
  28  2:21  Drone  
  29  2:25  Drone  
  30  2:34  Zergling x2  
  31  2:37  Baneling Nest  
  30  2:47  Hatchery  
  30  2:51  Zergling x2  
  30  2:52  Zergling x2  
  30  2:55  Zergling x2  
  30  2:56  Zergling x2  
  33  2:59  Zergling x2  
  33  3:03  Zergling x2  
  36  3:05  Zergling x2  
  36  3:15  Overlord  
  36  3:16  Overlord  
  36  3:22  Baneling x2  
  36  3:26  Overlord  
  36  3:38  Drone x4  
  36  3:39  Drone x2  
  42  3:44  Drone  
  42  3:45  Drone  
  42  3:47  Drone  
  42  3:48  Drone x2  
  45  4:00  Drone x2  
  45  4:01  Drone x2  
  44  4:03  Drone  
  44  4:05  Drone  
  44  4:08  Roach Warren  
  44  4:10  Zergling x2  
  44  4:14  Zergling x2  
  44  4:15  Zergling x2  
  46  4:19  Lair, Extractor  
  46  4:21  Zergling x2  
  46  4:26  Zergling x2  
  46  4:28  Zergling x2  
  50  4:31  Zergling x2  
  50  4:35  Zergling x2  
  50  4:37  Zergling x8  
  56  4:39  Zergling x2  
  56  4:41  Zergling x2  
  56  4:43  Baneling x2  
  55  4:45  Zergling x2  
  55  4:47  Zergling x2  
  55  4:49  Queen  
  55  4:50  Zergling x2  
  55  4:57  Zergling x2  
  50  5:01  Zergling x2  
  46  5:10  Drone x3  
  46  5:11  Drone x3  
  51  5:16  Drone  
  51  5:17  Glial Reconstitution  
  51  5:18  Roach  
  51  5:19  Roach  
  55  5:28  Roach x2  
  56  5:36  Roach  
  56  5:37  Roach  
  56  5:40  Overlord  
  56  5:41  Overlord  
  59  5:47  Roach  
  59  5:48  Roach  
  59  5:54  Overlord  
  58  5:58  Roach  
  58  5:59  Roach x2  
  58  6:02  Ravager  
  59  6:05  Ravager  
  59  6:08  Zergling x2  
  61  6:11  Roach x4  
  63  6:18  Queen x2  
  63  6:22  Roach x2  
  63  6:23  Roach  
  63  6:24  Zergling x2  
  74  6:26  Zergling x2  
  74  6:32  Roach  
  77  6:34  Roach  
  79  6:42  Roach x2  
  83  6:58  Roach x2  
  84  7:05  Roach  
  84  7:08  Overlord x2  
  84  7:16  Nydus Network, Extractor, Queen  
  84  7:22  Overlord x2  
  84  7:23  Extractor  
  84  7:26  Queen  
  84  7:29  Roach x4  
  93  7:35  Roach  
  95  7:37  Zergling x2  
  95  7:38  Zergling x6  
  99  7:47  Roach  
  99  7:48  Roach x2  
  99  7:50  Roach  
  107  7:53  Nydus Canal  
  107  8:02  Roach x2  
  107  8:03  Roach  
  113  8:07  Roach  
  115  8:18  Roach  
  115  8:23  Overlord x2  
  115  8:31  Drone  
  114  8:42  Roach  
  114  8:43  Roach  
  114  8:45  Roach  
  114  8:46  Roach x2  
  118  8:55  Roach x2  
  108  8:56  Roach x2  
  108  8:59  Roach  
  104  9:05  Roach  
  104  9:10  Queen  
  104  9:12  Zergling x2  
  104  9:16  Roach  
  103  9:22  Queen  
  85  9:36  Drone x2  
  83  9:40  Nydus Canal  
  83  9:42  Spore Crawler  
  72  9:46  Queen  
  72  9:47  Drone x2  
  72  9:49  Drone  
  72  9:50  Drone  
  76  9:59  Infestation Pit  
  67  10:08  Spore Crawler  
  67  10:09  Spore Crawler  
  67  10:10  Spore Crawler  
  67  10:13  Drone  
  65  10:14  Spore Crawler  
  64  10:22  Drone x3  
  64  10:23  Drone  
  64  10:24  Drone  
  69  10:38  Infestor x3  
  69  10:41  Infestor  
  77  10:47  Infestor  
  79  10:51  Nydus Canal  
  79  10:52  Roach  
  79  10:54  Infestor  
  83  10:59  Overlord  
  83  11:03  Overlord  
  82  11:15  Drone x2  
  83  11:19  Queen  
  83  11:20  Queen  
  86  11:47  Infestor x4  
  86  11:53  Roach x2  
  97  11:55  Queen  
  97  11:56  Burrow  
  99  12:06  Overlord x2  
  99  12:10  Extractor  
  99  12:11  Roach  
  98  12:29  Roach x3  
  103  12:37  Nydus Canal  
  103  12:38  Queen  
  105  12:58  Roach x5  
  109  12:59  Roach  
  115  13:08  Queen  
  115  13:16  Overlord  
  107  13:35  Roach  
  107  13:36  Roach x5  
  119  13:43  Roach  
  119  13:47  Roach  
  123  13:50  Hatchery  
Show
View Real Time Build Order
Export as new Build Order

CatZ Zerg - Winner!

Build Orders: Hatch First 

Get SALT Encoding   

  12  0:01  Drone  
  13  0:13  Overlord  
  13  0:18  Drone  
  14  0:31  Drone x2  
  14  0:35  Drone  
  17  0:52  Hatchery  
  17  0:54  Drone  
  17  1:01  Drone  
  18  1:07  Extractor  
  17  1:11  Spawning Pool  
  17  1:17  Drone  
  17  1:21  Drone  
  18  1:31  Drone  
  19  1:42  Drone  
  20  1:49  Evolution Chamber  
  20  1:50  Drone  
  20  1:58  Queen  
  22  2:04  Queen  
  22  2:05  Zergling x2, Drone  
  26  2:12  Drone  
  26  2:14  Zerg Melee Weapons Level 1  
  27  2:17  Drone  
  28  2:29  Overlord  
  28  2:45  Metabolic Boost, Overlord  
  28  2:52  Drone  
  28  2:53  Hatchery  
  28  2:58  Drone x2  
  30  2:59  Drone  
  31  3:10  Spine Crawler  
  29  3:13  Queen  
  29  3:19  Zergling x6  
  34  3:22  Zergling x2  
  34  3:27  Zergling x4  
  36  3:31  Zergling x2  
  36  3:32  Zergling x2  
  39  3:35  Zergling x2  
  39  3:39  Zergling x2  
  42  3:48  Zergling x6  
  43  4:00  Zergling x8  
  40  4:07  Zergling x2  
  41  4:11  Overlord  
  41  4:17  Zergling x4  
  41  4:20  Zerg Ground Armor Level 1  
  41  4:21  Hatchery  
  42  4:24  Zergling x2  
  42  4:26  Overlord x2  
  43  4:32  Zergling x4  
  45  4:39  Zergling x6  
  45  4:42  Zergling x2  
  45  4:44  Overlord  
  45  4:45  Drone  
  50  4:52  Zergling x4  
  49  4:53  Drone  
  45  5:01  Zergling x2  
  45  5:04  Zergling x2  
  45  5:06  Zergling x4  
  45  5:07  Queen  
  45  5:08  Drone  
  45  5:11  Zergling x2  
  46  5:14  Zergling x4  
  46  5:16  Zergling x2  
  46  5:18  Zergling x2  
  50  5:21  Zergling x2  
  50  5:27  Zergling x2  
  51  5:33  Zergling x2  
  51  5:40  Drone x4  
  51  5:42  Overlord  
  54  5:44  Extractor  
  54  5:45  Lair  
  54  5:49  Drone  
  52  5:50  Drone  
  52  5:55  Drone x2  
  54  5:57  Zergling x2  
  54  6:00  Zergling x2  
  54  6:01  Zergling x2  
  54  6:03  Zergling x2  
  52  6:10  Zergling x6  
  53  6:11  Drone  
  53  6:14  Zergling x4  
  56  6:19  Drone  
  56  6:20  Drone x2  
  56  6:23  Zergling x2  
  60  6:28  Zergling x6  
  60  6:29  Zergling x2  
  63  6:33  Drone x2  
  63  6:35  Drone, Extractor  
  63  6:39  Extractor  
  64  6:45  Spire, Zergling x2  
  64  6:48  Zergling x4  
  64  6:50  Zergling x2  
  64  6:53  Zergling x2  
  68  6:57  Zergling x6  
  68  7:00  Zergling x4  
  69  7:03  Zergling x2  
  69  7:04  Zergling x2  
  66  7:09  Spine Crawler  
  66  7:15  Spine Crawler  
  64  7:18  Zergling x2  
  64  7:19  Zergling x4, Spine Crawler  
  66  7:23  Zergling x2  
  66  7:24  Zergling x2  
  66  7:26  Drone  
  70  7:30  Drone  
  70  7:34  Overseer  
  71  7:56  Mutalisk x5  
  82  7:58  Drone x3  
  82  7:59  Drone x2  
  82  8:03  Mutalisk  
  86  8:16  Mutalisk  
  85  8:23  Zergling x2  
  85  8:24  Zergling x6  
  85  8:25  Overlord  
  85  8:42  Spine Crawler  
  80  8:51  Mutalisk x4  
  80  8:53  Zergling x10  
  80  8:54  Zergling x2  
  82  8:55  Zergling x2  
  82  8:56  Zergling x6  
  82  8:57  Mutalisk  
  82  9:00  Zergling x4  
  82  9:02  Zergling x2  
  77  9:06  Drone x2  
  77  9:08  Zergling x2  
  74  9:13  Drone  
  58  9:20  Mutalisk  
  50  9:24  Zergling x2  
  50  9:30  Zergling x2  
  51  9:34  Drone x2  
  51  9:37  Zergling x2  
  50  9:49  Zergling x8  
  50  9:51  Zergling x2  
  55  9:56  Zergling x2  
  55  9:59  Drone  
  57  10:04  Zergling x2  
  57  10:05  Zergling x2  
  58  10:10  Drone x2  
  60  10:20  Drone  
  60  10:21  Drone x4  
  64  10:22  Drone  
  64  10:26  Zerg Flyer Weapons Level 1  
  66  10:32  Baneling Nest  
  65  10:37  Drone x3  
  68  10:44  Overseer  
  68  10:45  Pneumatized Carapace  
  68  10:55  Drone x4  
  68  10:56  Drone x3  
  75  11:02  Drone  
  75  11:03  Drone  
  77  11:21  Drone x2  
  77  11:22  Drone x2  
  77  11:23  Zerg Missile Weapons Level 1  
  77  11:24  Roach Warren  
  80  11:26  Drone x3  
  80  11:30  Overlord  
  83  11:44  Overlord  
  83  11:46  Overlord x2  
  83  11:47  Extractor  
  82  11:48  Extractor  
  82  11:49  Queen x3  
  87  12:04  Glial Reconstitution  
  87  12:05  Roach  
  87  12:06  Roach x7  
  103  12:37  Overlord  
  103  12:40  Hatchery  
  103  12:41  Roach x8  
  118  12:49  Roach  
  120  12:52  Spine Crawler  
  120  12:54  Roach x2  
  123  13:00  Roach  
  125  13:11  Roach x6  
  137  13:13  Overlord  
  137  13:14  Overlord x2  
  137  13:15  Overlord  
  131  13:28  Roach x5  
  131  13:31  Roach x2  
  137  13:35  Ravager x6  
  137  13:36  Ravager x2  
  137  13:37  Ravager  
  137  13:38  Ravager  
  137  13:39  Ravager  
  137  13:40  Ravager  
  149  13:42  Roach  
  151  13:50  Roach x3  
Tags
 
Add a new tag
Caveats
  • Supply blocks, unpowered buildings, or Contaminate may cause inaccurate times.
  • Supply counts are checked every 10 seconds.